 Dungeon Crawl Stone Soup version 0.28-a0-803-g74956062c1 (webtiles) character file.

Game seed: 13626148441966841183

254 Decritt the Conjurer (level 6, 0/40 (46) HPs)
             Began as a Human Conjurer on Nov 7, 2021.
             Slain by a wight (7 damage)
             ... on level 4 of the Dungeon.
             The game lasted 00:10:55 (3748 turns).

Decritt the Conjurer (Human Conjurer)               Turns: 3748, Time: 00:10:56

HP:   0/40 (46)     AC:  4    Str:  7    XL:     6   Next: 37%
MP:   3/11          EV: 11    Int: 20    God:
Gold: 145           SH:  0    Dex: 12    Spells: 9/12 levels left

rFire   . . .      SeeInvis .   k - +2 dagger (elec)
rCold   . . .      Faith    .   (no shield)
rNeg    . . .      Spirit   .   g - +0 leather armour
rPois   .          Reflect  .   p - +0 helmet
rElec   .          Harm     .   (no cloak)
rCorr   .          Rampage  .   (no gloves)
Will    .....                   (no boots)
Stlth   ++........              (no amulet)
HPRegen 0.13/turn               (no ring)
MPRegen 0.12/turn               (no ring)

@: heavily drained
A: no striking features
a: no special abilities


You were on level 4 of the Dungeon.
You visited 1 branch of the dungeon, and saw 4 of its levels.

You collected 145 gold pieces.

Inventory:

Hand Weapons
 b - a +0 dagger
 c - a +0 short sword
 k - a +2 dagger of electrocution (weapon)
Missiles
 r - 8 poisoned darts (quivered)
 s - 6 javelins
Armour
 a - a +0 robe
 d - a +0 ring mail
 g - a +0 leather armour (worn)
 p - a +0 helmet (worn)
Magical Staves
 t - a staff of earth
Wands
 l - a wand of flame (16)
 u - a wand of acid (6)
Scrolls
 f - 2 scrolls of amnesia {unknown}
 h - 2 scrolls of fear {unknown}
 i - 3 scrolls of identify {unknown}
 n - a scroll of enchant weapon {unknown}
 o - a scroll of brand weapon {unknown}
Potions
 e - 2 potions of degeneration {unknown}
 j - a potion of resistance {unknown}
 m - a potion of haste {unknown}


   Skills:
 + Level 2.7 Fighting
 - Level 2.0 Dodging
 - Level 2.0 Stealth
 + Level 3.9 Spellcasting
 + Level 5.2 Conjurations


You had 9 spell levels left.
You knew the following spells:

 Your Spells              Type           Power      Damage    Failure   Level
a - Magic Dart            Conj           100%       1d8       2%          1
b - Searing Ray           Conj           50%        2d6       3%          2

Your spell library contained the following spells:

 Spells                   Type           Power      Damage    Failure   Level
 Dazzling Flash           Conj/Hex       28%        N/A       21%         3
 Blink                    Tloc           6%         N/A       30%         2
 Fulminant Prism          Conj/Hex       7%         3d7       54%         4
 Iskenderun's Mystic Bla  Conj/Tloc      14%        2d5       54%         4
 Manifold Assault         Tloc           3%         N/A       99%         5
 Storm Form               Tmut/Air       1%         N/A       100%        7


Dungeon Overview and Level Annotations

Branches:
Dungeon (4/15)
 Temple: D:4-7

Altars:


Message History

Press: ? - help, Shift-Dir - straight line, f/p - wight
Aim: a wight, wielding a +5 battleaxe of freezing and wearing a +0 robe (moderately damaged, 79% to hit)
The searing ray hits the wight!
The wight is almost destroyed. (Press . to maintain the ray.)
The searing ray hits the wight.
You destroy the wight!
The searing ray hits the wight.
The wight is moderately damaged.
The searing ray misses the wight.
The searing ray hits the wight.
The wight is heavily damaged.
The searing ray hits the wight.
The wight is moderately damaged.
You finish channelling your searing ray.
The wight hits you with a +0 war axe!
You feel drained.
The wight hits you from afar with a +4 trident.
You feel drained. The wight hits you with a +0 war axe.
Casting: Searing Ray (safe; 3% risk of failure)
Confirm with . or Enter, or press ? or * to list all spells.
Aiming: Searing Ray (safe; 3% risk of failure)
Press: ? - help, Shift-Dir - straight line, f - wight
Aim: a wight, wielding a +0 war axe and wearing a +0 robe (heavily damaged, 79% to hit)
The searing ray hits the wight but does no damage.
The wight is heavily damaged. (Press . to maintain the ray.)
The wight closely misses you. x2
The searing ray hits the wight.
The wight is severely damaged.
The wight hits you from afar with a +4 trident!
* * * LOW HITPOINT WARNING * * *
You feel drained.
* * * LOW HITPOINT WARNING * * *
The wight misses you.
The searing ray hits the wight.
The wight is severely damaged.
The wight hits you from afar with a +4 trident!
* * * LOW HITPOINT WARNING * * *
You feel drained. The wight hits you with a +0 war axe!
You die...

....##)##
##.
#..###
#.# #..
..... #.#
#.# ....
#..# #.#
... ...#
#.#
..#.#...
##.#
...###
.## #..#
####.#
... #.##
#.@..#
#.##.#
#z##.####
#..#.##
#z #....#
#..... (.
####<###
###.##
.## #...#
#.# #(
###.#
####.# #
#.#
#....#
#.#
#...##
#.###...#


You could see 2 wights.

Vanquished Creatures
  A wight (D:4)
  A bullfrog zombie (D:4)
  A hound (D:4)
  A centaur skeleton (D:4)
  Robin (D:3)
  2 adders (D:2)
  2 dart slugs
  An orc (D:3)
  10 bats
  6 endoplasms
  2 giant cockroaches (D:3)
  17 goblins
  13 hobgoblins
  3 quokkas
  8 ball pythons
  4 frilled lizards
  4 kobolds
  4 rats
81 creatures vanquished.

Vanquished Creatures (others)
  2 plants (D:2)
2 creatures vanquished.

Grand Total: 83 creatures vanquished

Notes
Turn   | Place    | Note
-------+----------+-------------------------------------------
     0 | D:1      | Decritt the Human Conjurer began the quest for the Orb.
     0 | D:1      | Reached XP level 1. HP: 13/13 MP: 3/3
   178 | D:1      | Reached XP level 2. HP: 19/19 MP: 1/5
   181 | D:1      | Learned a level 2 spell: Searing Ray
   259 | D:1      | You fall into a shaft and drop 1 floor!
   813 | D:2      | Reached XP level 3. HP: 15/24 MP: 7/7
  1226 | D:2      | Reached skill level 1 in Fighting
  1226 | D:2      | Reached XP level 4. HP: 26/32 MP: 6/8
  1395 | D:2      | Found a faded altar of an unknown god.
  1894 | D:3      | Noticed Robin
  2050 | D:4      | Reached XP level 5. HP: 29/38 MP: 5/10
  2484 | D:3      | Reached skill level 5 in Conjurations
  2818 | D:3      | Killed Robin
  2819 | D:3      | Reached XP level 6. HP: 46/46 MP: 6/11
  3748 | D:4      | Slain by a wight

Illustrated notes

Levels and vault maps discovered:
D:1:      dpeg_arrival_rhombi, layout_rooms
D:2:      layout_rooms, shapermc_ecumenical_altar_venn, serial_forest,
          infiniplex_forest_clump_diagonal, infiniplex_forest_lined_3,
          infiniplex_forest_zigzag_2, infiniplex_forest_clump_cross,
          infiniplex_forest_clump_C, minmay_pentomino_q4
D:3:      minmay_diamond_boxcup, layout_loops_ring, uniq_robin
D:4:      layout_rooms, minmay_manual_mess

Skill      XL: |  1  2  3  4  5 |
---------------+----------------+-----
Spellcasting   | 3 |  3.9
Fighting       | 1 2 |  2.7
Conjurations   | 5 |  5.2
Dodging        | |  2.0
Stealth        | |  2.0

Action                   |  1- 3 |  4- 6 || total
-------------------------+-------+-------++-------
Melee: Unarmed           |     6 |       ||     6
       Short sword       |    20 |     3 ||    23
       Dagger            |       |    40 ||    40
Throw: Javelin           |     4 |    12 ||    16
       Dart              |       |    17 ||    17
 Cast: Magic Dart        |    50 |    39 ||    89
       Searing Ray       |       |     6 ||     6
Armor: Robe              |     1 |       ||     1
       Leather armour    |     3 |    12 ||    15
Dodge: Dodged            |    21 |    41 ||    62

Table legend: (Time is in decaauts)
 A = Elapsed time spent in this place.
 B = Non-inter-level travel time spent in this place.
 C = Inter-level travel time spent in this place.
 D = Time resting spent in this place.
 E = Time spent auto-exploring this place.
 F = Levels seen in this place.
 G = Mean time per level.
                   A        B        C        D        E       F      G
               +--------+--------+--------+--------+--------+-----+--------+
         Total |   3759 |   3703 |     56 |    609 |   2481 |   4 |  939.8 |
       Dungeon |   3759 |   3703 |     56 |    609 |   2481 |   4 |  939.8 |
               +--------+--------+--------+--------+--------+-----+--------+

Top non-repeatable levels by time:
     D:3: 1073 daAuts
     D:2: 1031 daAuts
     D:4: 856 daAuts
     D:1: 797 daAuts
